[ AOE2 MATCH · #506020933 ]
UnrankedHindustanis vs Cumans
Rival team · LOSS
[ REPLAY ANALYSIS · EXTRACTED FROM THE RECORDED GAME ]
Feudal
8:52
Castle
—
Imperial
—
| APM avg | 68.0 |
| APM peak | 85 |
| eAPM avg | 28.1 |
| Villagers / military | 28 / 9 |
Focus
⚔️ 54.0% · 🌾 46.0%
Militia ×5 · Archer ×4
Feudal
9:28
Castle
—
Imperial
—
| APM avg | 40.8 |
| APM peak | 84 |
| eAPM avg | 22.0 |
| Villagers / military | 20 / 0 |
Focus
⚔️ 35.0% · 🌾 65.0%
Match map
Initial resources + every placement click. Lines = walls · curves = elevation contours. ◆ gold · ⬟ stone · ● berries · ✦ relic · ◌ wall gap
Your base· Open — 1t gap
executable's base· Open — 3t gap
Smoothed initial terrain · ◌ = detected wall gap · hover for details
Inputs per minute
— ELEG PropiaNea - - executable
Build order — ELEG PropiaNea
61 actions detected in the replay
| 0:01 | Queue | Villager (Male) |
| 0:01 | Queue | Villager (Male) |
| 0:02 | Queue | Villager (Male) |
| 0:03 | Build | House |
| 0:05 | Build | House |
| 0:27 | Queue | Villager (Male) |
| 1:08 | Queue | Villager (Male) |
| 1:08 | Queue | Villager (Male) |
| 1:35 | Queue | Villager (Male) |
| 1:35 | Queue | Villager (Male) |
| 1:45 | Build | Lumber Camp |
| 1:53 | Queue | Villager (Male) |
| 1:54 | Queue | Villager (Male) |
| 2:24 | Queue | Villager (Male) |
| 2:25 | Queue | Villager (Male) |
| 2:57 | Queue | Villager (Male) |
| 3:38 | Queue | Villager (Male) |
| 3:38 | Queue | Villager (Male) |
| 3:51 | Build | House |
| 3:52 | Build | House |
| 4:37 | Queue | Villager (Male) |
| 4:41 | Queue | Villager (Male) |
| 5:04 | Queue | Villager (Male) |
| 5:12 | Build | Barracks |
| 5:47 | Queue | Villager (Male) |
| 5:48 | Research | Loom |
| 6:34 | Research | Feudal Age |
| 6:35 | Research | Feudal Age |
| 6:40 | Queue | Militia |
| 6:50 | Build | Mining Camp |
| 7:09 | Queue | Militia |
| 7:09 | Queue | Militia |
| 7:39 | Queue | Militia |
| 7:39 | Queue | Militia |
| 7:46 | Build | House |
| 8:22 | Queue | Villager (Male) |
| 8:52 | Age | Feudal Age |
| 8:53 | Research | Man-at-Arms (upgrade) |
| 8:53 | Research | Man-at-Arms (upgrade) |
| 9:04 | Build | Archery Range |
| 9:16 | Queue | Villager (Male) |
| 9:34 | Queue | Villager (Male) |
| 9:57 | Queue | Villager (Male) |
| 10:00 | Build | Blacksmith |
| 10:00 | Queue | Archer |
| 10:01 | Queue | Archer |
| 10:08 | Queue | Villager (Male) |
| 10:30 | Queue | Archer |
| 10:32 | Queue | Villager (Male) |
| 10:59 | Build | Mill |
| 11:16 | Queue | Archer |
| 11:50 | Queue | Villager (Male) |
| 11:54 | Build | House |
| 11:56 | Build | House |
| 12:04 | Queue | Villager (Male) |
| 12:20 | Queue | Villager (Male) |
| 12:43 | Build | Farm |
| 12:43 | Build | Farm |
| 12:43 | Build | Farm |
| 12:44 | Build | Farm |
| 12:44 | Build | Farm |
Build order — executable
43 actions detected in the replay
| 0:01 | Research | Loom |
| 0:02 | Queue | Villager (Male) |
| 0:02 | Queue | Villager (Male) |
| 0:03 | Build | House |
| 0:04 | Build | House |
| 0:19 | Queue | Villager (Male) |
| 0:19 | Queue | Villager (Male) |
| 1:53 | Queue | Villager (Male) |
| 2:30 | Queue | Villager (Male) |
| 3:06 | Queue | Villager (Male) |
| 3:18 | Queue | Villager (Male) |
| 3:36 | Queue | Villager (Male) |
| 4:01 | Build | House |
| 4:05 | Queue | Villager (Male) |
| 4:27 | Queue | Villager (Male) |
| 5:05 | Queue | Villager (Male) |
| 5:11 | Build | Mill |
| 5:20 | Queue | Villager (Male) |
| 5:51 | Queue | Villager (Male) |
| 6:08 | Build | Lumber Camp |
| 6:20 | Queue | Villager (Male) |
| 6:53 | Queue | Villager (Male) |
| 7:12 | Research | Feudal Age |
| 8:41 | Build | House |
| 8:49 | Queue | Villager (Male) |
| 9:10 | Queue | Villager (Male) |
| 9:28 | Age | Feudal Age |
| 9:30 | Research | Double-Bit Axe |
| 10:05 | Queue | Villager (Male) |
| 10:15 | Build | Town Center |
| 10:36 | Build | Town Center |
| 10:44 | Build | Palisade Wall |
| 11:01 | Build | Palisade Wall |
| 11:10 | Queue | Villager (Male) |
| 11:17 | Build | Palisade Wall |
| 11:22 | Build | Palisade Wall |
| 11:29 | Build | Palisade Wall |
| 11:32 | Build | Palisade Wall |
| 12:06 | Build | Palisade Wall |
| 12:10 | Build | Palisade Wall |
| 12:14 | Build | Palisade Wall |
| 12:15 | Build | Palisade Wall |
| 12:22 | Build | Palisade Wall |
Match timeline
| 5:12 | ELEG PropiaNea · first_building Barracks |
| 8:52 | ELEG PropiaNea · age_up feudal |
| 9:04 | ELEG PropiaNea · first_building Archery Range |
| 9:28 | executable · age_up feudal |
| 10:44 | executable · wall_segment Palisade Wall x1 |
| 11:01 | executable · wall_segment Palisade Wall x1 |
| 11:17 | executable · wall_segment Palisade Wall x1 |
| 11:22 | executable · wall_segment Palisade Wall x1 |
| 11:29 | executable · wall_segment Palisade Wall x1 |
| 11:32 | executable · wall_segment Palisade Wall x1 |
| 12:06 | executable · wall_segment Palisade Wall x1 |
| 12:10 | executable · wall_segment Palisade Wall x1 |
| 12:14 | executable · wall_segment Palisade Wall x1 |
| 12:15 | executable · wall_segment Palisade Wall x1 |
| 12:22 | executable · wall_segment Palisade Wall x1 |
| 12:46 | executable · resign |
[ AI ANALYSIS · 1 CREDIT ]
What really happened in this match?
Wolo.gg analyzes every decision: build order, eco, micro, common mistakes by bracket. Personalized analysis on WhatsApp or Discord in 30 seconds.
Civ guide
Hindustanis
Perfil
Jugador #23931133